PIO (24 & UNDER)
JASPER COUGARS @ CHULA VISTA TACOS
09/20/2025
 
TOP OF THE 1ST
Jasper Cougars batting - Pitching for Chula Vista Tacos : RHP Manuel González
Pitching: RHP Manuel González
Batting: LHB John Eardley 0-0: Ball
1-0: Foul Ball, location: 2F
1-1: Called Strike
1-2: Ball
2-2: Strikes out swinging
Batting: RHB David Hernández 0-0: Swinging Strike
0-1: Foul Ball, location: 2F
0-2: Ball
1-2: Ball
2-2: Strikes out looking
Batting: RHB Jorge Romero 0-0: Called Strike
0-1: Ball
1-1: SINGLE (Line Drive, 89M)
Batting: RHB George Reeves 0-0: Ball
1-0: Ball
2-0: Ball
3-0: Base on Balls
Jorge Romero to second
Batting: LHB Jon Scott 0-0: Called Strike
0-1: Ground out 3-1 (Groundball, 34)
Top of the 1st over - 0 run(s), 1 hit(s), 0 error(s), 2 left on base; Jasper 0 - Chula Vista 0
BOTTOM OF THE 1ST
Chula Vista Tacos batting - Pitching for Jasper Cougars : RHP Pancho Hernández
Pitching: RHP Pancho Hernández
Batting: RHB Gustavo Torres 0-0: Ball
1-0: Ground out 6-3 (Groundball, 6)
Batting: LHB Michael Myers 0-0: Called Strike
0-1: Foul Ball, location: 2F
0-2: Ball
1-2: Fly out, F8 (Flyball, 8LM)
Batting: RHB Johnny Williams 0-0: Ground out 5-3 (Groundball, 5L)
Bottom of the 1st over - 0 run(s), 0 hit(s), 0 error(s), 0 left on base; Jasper 0 - Chula Vista 0
TOP OF THE 2ND
Jasper Cougars batting - Pitching for Chula Vista Tacos : RHP Manuel González
Batting: LHB Jon Rogers 0-0: Called Strike
0-1: Ball
1-1: Foul Ball, location: 2F
1-2: Strikes out swinging
Batting: SHB Carlos Córdova 0-0: Ball
1-0: Ground out 4-3 (Groundball, 34)
Batting: RHB Jesús Velásquez 0-0: Ball
1-0: SINGLE (Line Drive, 78S)
Batting: RHB Joe Baker 0-0: DOUBLE (Line Drive, 5L)
Jesús Velásquez to third
Runner from 3rd tries for Home, SAFE, no throw or cutoff
Batting: LHB John Eardley 0-0: Foul Ball, location: 2F
0-1: Ground out 5-3 (Groundball, 5)
Top of the 2nd over - 1 run(s), 2 hit(s), 0 error(s), 1 left on base; Jasper 1 - Chula Vista 0
BOTTOM OF THE 2ND
Chula Vista Tacos batting - Pitching for Jasper Cougars : RHP Pancho Hernández
Batting: SHB Walt Rodgers 0-0: Ball
1-0: Foul Ball, location: 2F
1-1: Swinging Strike
1-2: Strikes out swinging
Batting: RHB Manny Torrez 0-0: Ball
1-0: Foul Ball, location: 2F
1-1: Ground out 5-3 (Groundball, 5L)
Batting: RHB José Oliveira 0-0: Swinging Strike
0-1: Foul Ball, location: 2F
0-2: Ball
1-2: Strikes out swinging
Bottom of the 2nd over - 0 run(s), 0 hit(s), 0 error(s), 0 left on base; Jasper 1 - Chula Vista 0
TOP OF THE 3RD
Jasper Cougars batting - Pitching for Chula Vista Tacos : RHP Manuel González
Batting: RHB David Hernández 0-0: Ball
1-0: Swinging Strike
1-1: Ground out 6-3 (Groundball, 6)
Batting: RHB Jorge Romero 0-0: Ball
1-0: Ball
2-0: Ball
3-0: Called Strike
3-1: Base on Balls
Batting: RHB George Reeves 0-0: Ball
1-0: Foul Ball, location: 2F
1-1: Foul Ball, location: 2F
1-2: Ball
2-2: Strikes out swinging
Batting: LHB Jon Scott 0-0: Called Strike
0-1: SINGLE (Line Drive, 34)
Jorge Romero to second
Batting: LHB Jon Rogers 0-0: Called Strike
0-1: Foul Ball, location: 2F
0-2: Ball
1-2: Foul Ball, location: 2F
1-2: Foul Ball, location: 2F
1-2: Strikes out swinging
Top of the 3rd over - 0 run(s), 1 hit(s), 0 error(s), 2 left on base; Jasper 1 - Chula Vista 0
BOTTOM OF THE 3RD
Chula Vista Tacos batting - Pitching for Jasper Cougars : RHP Pancho Hernández
Batting: RHB Ray Rogers 0-0: Called Strike
0-1: SINGLE (Groundball, 6)
Batting: LHB Gonzalo Benítez 0-0: Called Strike
0-1: Foul Ball, location: 2F
0-2: Ball
1-2: Hit by Pitch
Ray Rogers to second
Batting: RHB Ron Garrett 0-0: Ball
1-0: Grounds into double play, 6-4-3 (Groundball, 6M)
Ray Rogers to third
Batting: RHB Gustavo Torres 0-0: Swinging Strike
0-1: Swinging Strike
0-2: Ball
1-2: Strikes out swinging
Bottom of the 3rd over - 0 run(s), 1 hit(s), 0 error(s), 1 left on base; Jasper 1 - Chula Vista 0
TOP OF THE 4TH
Jasper Cougars batting - Pitching for Chula Vista Tacos : RHP Manuel González
Batting: SHB Carlos Córdova 0-0: Ball
1-0: Foul Ball, location: 2F
1-1: Ground out 2-3 (Groundball, 2L)
Batting: RHB Jesús Velásquez 0-0: Fly out, F6 (Line Drive, 6)
Batting: RHB Joe Baker 0-0: Swinging Strike
0-1: Ball
1-1: Foul Ball, location: 2F
1-2: Strikes out looking
Top of the 4th over - 0 run(s), 0 hit(s), 0 error(s), 0 left on base; Jasper 1 - Chula Vista 0
BOTTOM OF THE 4TH
Chula Vista Tacos batting - Pitching for Jasper Cougars : RHP Pancho Hernández
Batting: LHB Michael Myers 0-0: Ball
1-0: Called Strike
1-1: Ball
2-1: Ball
3-1: Base on Balls
Batting: RHB Johnny Williams 0-0: SINGLE (Popup, 8RS)
Michael Myers to second
Batting: SHB Walt Rodgers 0-0: Ball
1-0: Ball
2-0: Ball
3-0: Base on Balls
Michael Myers to third
Johnny Williams to second
Batting: RHB Manny Torrez 0-0: Fly out, F8 (Flyball, 8RD)
Runner from 3rd tags up, SCORES, no throw
Johnny Williams to third
Batting: RHB José Oliveira 0-0: Swinging Strike
0-1: Ball
1-1: Foul Ball, location: 2F
1-2: Reached on error, E1 (Groundball, 13S)
Johnny Williams scores
Walt Rodgers to second
Batting: RHB Ray Rogers 0-0: Ball
1-0: Called Strike
1-1: Ball
2-1: Ground out 5-3 (Groundball, 5S)
Walt Rodgers to third
José Oliveira to second
Batting: LHB Gonzalo Benítez 0-0: Ball
1-0: Foul Ball, location: 2F
1-1: Swinging Strike
1-2: DOUBLE (Line Drive, 3L)
Walt Rodgers scores
José Oliveira scores
Batting: RHB Ron Garrett 0-0: Called Strike
Gonzalo Benítez steals 3rd base
0-1: Foul Ball, location: 2F
0-2: Ball
1-2: Foul Ball, location: 2F
1-2: Strikes out looking
Bottom of the 4th over - 4 run(s), 2 hit(s), 1 error(s), 1 left on base; Jasper 1 - Chula Vista 4
TOP OF THE 5TH
Jasper Cougars batting - Pitching for Chula Vista Tacos : RHP Manuel González
Batting: LHB John Eardley 0-0: Ball
1-0: Called Strike
1-1: Ball
2-1: Swinging Strike
2-2: Fly out, F8 (Flyball, 8LS)
Batting: RHB David Hernández 0-0: Swinging Strike
0-1: Called Strike
0-2: Strikes out swinging
Batting: RHB Jorge Romero 0-0: Ball
1-0: Called Strike
1-1: Foul Ball, location: 2F
1-2: Strikes out looking
Top of the 5th over - 0 run(s), 0 hit(s), 0 error(s), 0 left on base; Jasper 1 - Chula Vista 4
BOTTOM OF THE 5TH
Chula Vista Tacos batting - Pitching for Jasper Cougars : RHP Pancho Hernández
Batting: RHB Gustavo Torres 0-0: Fly out, F8 (Flyball, 8RS)
Batting: LHB Michael Myers 0-0: Ball
1-0: Called Strike
1-1: Foul Ball, location: 2F
1-2: Ball
2-2: Ground out 4-3 (Groundball, 4)
Batting: RHB Johnny Williams 0-0: Ball
1-0: Ball
2-0: Ball
3-0: Called Strike
3-1: Fly out, F9 (Flyball, 89D)
Bottom of the 5th over - 0 run(s), 0 hit(s), 0 error(s), 0 left on base; Jasper 1 - Chula Vista 4
TOP OF THE 6TH
Jasper Cougars batting - Pitching for Chula Vista Tacos : RHP Manuel González
Batting: RHB George Reeves 0-0: Called Strike
0-1: SINGLE (Groundball, 34S)
Batting: LHB Jon Scott 0-0: Swinging Strike
0-1: Ball
1-1: Called Strike
1-2: Foul Ball, location: 2F
1-2: Strikes out looking
Batting: LHB Jon Rogers 0-0: Ball
George Reeves is caught stealing 2nd base
1-0: Ball
2-0: Called Strike
2-1: Swinging Strike
2-2: Foul Ball, location: 2F
2-2: Ball
3-2: Strikes out looking
Top of the 6th over - 0 run(s), 1 hit(s), 0 error(s), 0 left on base; Jasper 1 - Chula Vista 4
BOTTOM OF THE 6TH
Chula Vista Tacos batting - Pitching for Jasper Cougars : RHP Pancho Hernández
Batting: SHB Walt Rodgers 0-0: Foul Ball, location: 2F
0-1: Swinging Strike
0-2: Ground out 6-3 (Groundball, 6M)
Batting: RHB Manny Torrez 0-0: Called Strike
0-1: Called Strike
0-2: Ball
1-2: Ball
2-2: Foul Ball, location: 2F
2-2: Ball
3-2: SINGLE (Groundball, 56D)
Batting: RHB José Oliveira 0-0: Ball
1-0: Called Strike
1-1: Ball
2-1: Called Strike
Manny Torrez steals 2nd base
2-2: Fly out, F9 (Flyball, 9LM)
Pitching: LHP Alberto Guerra
Batting: RHB Ray Rogers 0-0: Called Strike
Manny Torrez steals 3rd base
0-1: Ball
1-1: Fly out, F8 (Flyball, 8LS)
Bottom of the 6th over - 0 run(s), 1 hit(s), 0 error(s), 1 left on base; Jasper 1 - Chula Vista 4
TOP OF THE 7TH
Jasper Cougars batting - Pitching for Chula Vista Tacos : RHP Manuel González
Pitching: LHP Brock Saunders
Batting: SHB Carlos Córdova 0-0: Ball
1-0: Swinging Strike
1-1: Ball
2-1: Ball
3-1: Foul Ball, location: 2F
3-2: Base on Balls
Batting: RHB Jesús Velásquez 0-0: Swinging Strike
0-1: Ball
1-1: Ball
2-1: Ball
3-1: Ground out 5-3 (Groundball, 5S)
Carlos Córdova to second
Batting: RHB Joe Baker 0-0: Called Strike
0-1: Ball
1-1: Called Strike
1-2: Foul Ball, location: 2F
1-2: Strikes out looking
Batting: LHB John Eardley 0-0: Ball
1-0: Ball
2-0: Foul Ball, location: 2F
2-1: Ball
3-1: Base on Balls
Batting: RHB David Hernández 0-0: Called Strike
0-1: Called Strike
0-2: Ball
1-2: Strikes out swinging
Top of the 7th over - 0 run(s), 0 hit(s), 0 error(s), 2 left on base; Jasper 1 - Chula Vista 4
BOTTOM OF THE 7TH
Chula Vista Tacos batting - Pitching for Jasper Cougars : LHP Alberto Guerra
Batting: LHB Gonzalo Benítez 0-0: Ground out 4-3 (Groundball, 4)
Batting: RHB Ron Garrett 0-0: Ball
1-0: Called Strike
1-1: Ball
2-1: Foul Ball, location: 2F
2-2: Ball
3-2: Foul Ball, location: 2F
3-2: Foul Ball, location: 2F
3-2: Foul Ball, location: 2F
3-2: Base on Balls
Batting: RHB Gustavo Torres 0-0: Called Strike
0-1: Reached on Error, E4 (Popup, 4D)
Ron Garrett to second
Batting: LHB Michael Myers 0-0: SINGLE (Line Drive, 6)
Ron Garrett to third
Gustavo Torres to second
Runner from 3rd tries for Home, SAFE, no throw or cutoff
Batting: RHB Johnny Williams 0-0: Ball
1-0: Called Strike
1-1: Ball
Gustavo Torres steals 3rd base
Michael Myers to second
2-1: Ball
3-1: Called Strike
3-2: SINGLE (Line Drive, 7LM)
Gustavo Torres scores
Michael Myers to third
Runner from 3rd tries for Home, SAFE, no throw or cutoff
Pitching: RHP Ernesto Mendoza
Batting: SHB Walt Rodgers 0-0: Foul Ball, location: 2F
0-1: Ball
Pickoff Throw to First - Out!
1-1: Ball
2-1: Foul Ball, location: 2F
2-2: Ball
3-2: Base on Balls
Batting: RHB Manny Torrez 0-0: Ball
Walt Rodgers is caught stealing 2nd base
Bottom of the 7th over - 3 run(s), 2 hit(s), 1 error(s), 0 left on base; Jasper 1 - Chula Vista 7
TOP OF THE 8TH
Jasper Cougars batting - Pitching for Chula Vista Tacos : LHP Brock Saunders
Batting: RHB Jorge Romero 0-0: Called Strike
0-1: Foul Ball, location: 2F
0-2: Ball
1-2: Ball
2-2: Ground out 6-3 (Groundball, 6M)
Batting: RHB George Reeves 0-0: Ball
1-0: Foul Ball, location: 2F
1-1: Ball
2-1: Foul Ball, location: 2F
2-2: Ball
3-2: Strikes out swinging
Batting: LHB Jon Scott 0-0: SINGLE (Line Drive, 6MD)
Batting: LHB Jon Rogers 0-0: SINGLE (Groundball, 4MD)
Jon Scott to second
Batting: SHB Carlos Córdova 0-0: Ball
1-0: Ball
2-0: Called Strike
2-1: Ball
3-1: SINGLE (Groundball, 4MD)
Jon Scott to third
Jon Rogers to second
Runner from 3rd tries for Home, SAFE, no throw or cutoff
Pitching: RHP Jody Clemente
Batting: RHB Jesús Velásquez 0-0: Ball
1-0: Called Strike
1-1: Ball
2-1: Ground out 6-3 (Groundball, 6)
Top of the 8th over - 1 run(s), 3 hit(s), 0 error(s), 2 left on base; Jasper 2 - Chula Vista 7
BOTTOM OF THE 8TH
Chula Vista Tacos batting - Pitching for Jasper Cougars : RHP Ernesto Mendoza
Batting: RHB Manny Torrez 0-0: Ball
1-0: Called Strike
1-1: Ball
2-1: Swinging Strike
2-2: Fly out, F8 (Flyball, 8RM)
Batting: RHB José Oliveira 0-0: Ball
1-0: Fly out, F2 (Popup, 23F)
Batting: RHB Ray Rogers 0-0: DOUBLE (Line Drive, 89M)
Batting: LHB Gonzalo Benítez 0-0: Foul Ball, location: 2F
0-1: Ball
1-1: Foul Ball, location: 2F
1-2: Ball
2-2: Ball
3-2: Foul Ball, location: 2F
3-2: Base on Balls
Batting: RHB Ron Garrett 0-0: 3-RUN HOME RUN (Flyball, 7D), Distance : 400 ft
Pinch Hitting: LHB Dennis Lovett 0-0: Ball
1-0: Foul Ball, location: 2F
1-1: Fly out, F7 (Flyball, 7LM)
Bottom of the 8th over - 3 run(s), 2 hit(s), 0 error(s), 0 left on base; Jasper 2 - Chula Vista 10
TOP OF THE 9TH
Jasper Cougars batting - Pitching for Chula Vista Tacos : RHP Jody Clemente
Now at 1B: Jesús Ramírez
Now in CF: Dennis Lovett
Batting: RHB Joe Baker 0-0: Ball
1-0: Ball
2-0: Foul Ball, location: 2F
2-1: Foul Ball, location: 2F
2-2: Strikes out looking
Batting: LHB John Eardley 0-0: Ball
1-0: Ball
2-0: Ball
3-0: Called Strike
3-1: Base on Balls
Batting: RHB David Hernández 0-0: Ball
1-0: Ball
2-0: Ball
3-0: Called Strike
3-1: Base on Balls
John Eardley to second
Batting: RHB Jorge Romero 0-0: Fly out, F6 (Popup, 6)
Batting: RHB George Reeves 0-0: Ground out 5-3 (Groundball, 6)
Top of the 9th over - 0 run(s), 0 hit(s), 0 error(s), 2 left on base; Jasper 2 - Chula Vista 10
This league is powered by Out of the Park Baseball, the baseball management simulation game for PC, Mac and Linux
Tuesday, August 2nd, 2016 - OOTP Baseball 16.8 Build 38